 Dungeon Crawl Stone Soup version 0.23-a0-612-gcb482e9 (webtiles) character file.

2183 Lavandula the Basher (level 9, -4/46 HPs)
             Began as a Halfling Enchanter on Dec 21, 2018.
             Was a Follower of Hepliaklqana.
             Slain by a bullfrog (7 damage)
             ... on level 8 of the Dungeon.
             The game lasted 00:22:32 (4458 turns).

Lavandula the Basher (Halfling Enchanter)           Turns: 4458, Time: 00:22:33

Health: -4/46      AC:  6    Str:  9    XL:     9   Next: 59%
Magic:  11/11      EV: 15    Int: 16    God:    Hepliaklqana [*.....]
Gold:   130        SH:  0    Dex: 15    Spells: 2/11 levels left

rFire    . . .     SeeInvis .   f - +2 whip (elec)
rCold    . . .     Gourm    .   (shield restricted)
rNeg     . . .     Faith    .   D - +2 robe {MR+}
rPois    .         Spirit   .   o - +2 hat
rElec    .         Reflect  .   (no cloak)
rCorr    .         Harm     .   (no gloves)
MR       +....                  (no boots)
Stlth    +.........             v - amulet of rage
HPRegen  0.15/turn              u - ring of attention (curse)
MPRegen  0.12/turn              (no ring)

@: no status effects
A: small, reduced essence, mutation resistance 1
a: Recall Ancestor, Ancestor Identity, Renounce Religion, Evoke Berserk Rage


You were on level 8 of the Dungeon.
You worshipped Hepliaklqana.
Hepliaklqana was aware of your devotion.
You were hungry.

You visited 2 branches of the dungeon, and saw 11 of its levels.

You collected 342 gold pieces.
You spent 212 gold pieces at shops.

Inventory:

Hand Weapons
 a - a +1 dagger
 f - a +2 whip of electrocution (weapon)
 g - a +0 long sword
 z - a +0 flail of protection
Missiles
 c - 66 sling bullets
 m - 9 tomahawks (quivered)
 p - 3 curare-tipped needles
 A - a throwing net
Armour
 k - a +0 helmet
 o - a +2 hat (worn)
 t - a cursed +0 buckler
 D - a +2 robe of magic resistance (worn)
Jewellery
 u - a cursed ring of attention (left hand)
 v - an amulet of rage (around neck)
 x - an uncursed ring of fire
Scrolls
 h - 2 scrolls of immolation
 i - 3 scrolls of remove curse
 j - a scroll of teleportation {unknown}
 l - a scroll of enchant weapon {unknown}
 w - 3 scrolls of amnesia {unknown}
 y - a scroll of fear
 B - a scroll of magic mapping
Potions
 e - 2 potions of curing
 n - a potion of mutation {unknown}
 q - a potion of haste
 r - 2 potions of brilliance
 s - a potion of flight {unknown}
Comestibles
 d - 10 rations


   Skills:
 - Level 0.5 Fighting
 - Level 1.5 Short Blades
 - Level 10.6 Maces & Flails
 - Level 2.1 Dodging
 - Level 3.2 Stealth
 + Level 2.6 Shields
 - Level 1.5 Spellcasting
 - Level 2.4 Hexes


You had 2 spell levels left.
You knew the following spells:

 Your Spells              Type           Power        Failure   Level  Hunger
a - Corona                Hex            #......      9%          1    ##.....
b - Ensorcelled Hibernat  Hex/Ice        #.....       21%         2    ###....
c - Confuse               Hex            #.......     24%         3    ####...
d - Dazzling Spray        Conj/Hex       #.....       36%         3    ####...

Your spell library contained the following spells:

 Spells                   Type           Power        Failure   Level  Hunger
 Tukima's Dance           Hex            #.......     24%         3    ####...


Dungeon Overview and Level Annotations

Branches:
Dungeon (10/15)            Temple (1/1) D:4
   Lair: D:8-11         Orc: D:9-12

Altars:
Ashenzari
Cheibriados
Dithmenos
Elyvilon
Fedhas
Gozag
Hepliaklqana
Makhleb
Okawaru
Qazlal
Ru
Trog
Vehumet
Wu Jian
Xom
Yredelemnul
Zin
The Shining One

Shops:
D:6 [


Innate Abilities, Weirdness & Mutations

You are small and have problems with some larger weapons.
You are somewhat resistant to further mutation.
Your life essence is reduced to manifest your ancestor. (-10% HP)


Message History

Unknown command.
The bullfrog hits Njabulo.
Njabulo hits the bullfrog!
The bullfrog hits Njabulo.
Njabulo closely misses the bullfrog.
The bullfrog hits Njabulo.
The bullfrog misses Njabulo.
Njabulo hits the bullfrog.
The bullfrog barely misses Njabulo.
Something hits Njabulo.
Something hits Njabulo.
Something hits Njabulo.
Njabulo hits the bullfrog.
There is an escape hatch in the ceiling here.
Press: ? - help, v - describe, . - travel
Here: a gnoll, wielding a +3 halberd The floor.
Unknown command.
The bullfrog misses you. The bullfrog hits you.
* * * LOW HITPOINT WARNING * * *
The bullfrog hits you!
You die...

### ### #.#########.#
####...........###
#<...#######...... ###### #.#.##.
####### #.#.##. ......#
########## #.#.##.
......####........#########.#....
..<......R..g.gF@.........#.#####
#####..........)..#####..........
#......####'#######..#.#####.
#......# #.#........#.# #.
#......# #..........#.# #.
#......# #...########.# #.
#......# #...# ##.#####.
#......####...#### #........
#......##........# #..######


You could see the friendly Njabulo the ancestor, a bullfrog and 2 gnolls.

Vanquished Creatures
  The ghost of Stiffzip the Covert, a novice SpAs of Fedhas (D:5)
  Grinder (D:3)
  An orc warrior (D:8)
  A black bear (D:7)
  2 ice beasts
  A phantom (D:7)
  3 ogres (D:4)
  A centaur (D:7)
  2 big kobolds (D:7)
  A water moccasin skeleton (D:6)
  A centaur zombie (D:8)
  A hound (D:4)
  2 jellies
  A centaur skeleton (D:7)
  Natasha (thrice) (D:2)
  2 bullfrog skeletons (D:6)
  3 iguanas
  3 worker ants (D:4)
  5 adders
  A hound simulacrum (D:5)
  2 worker ant simulacra (D:5)
  An adder skeleton (D:5)
  A worm (D:5)
  2 leopard geckos
  17 orcs
  7 bats
  2 giant cockroaches
  3 goblins
  3 hobgoblins
  6 jackals
  9 kobolds
  5 quokkas
  A ball python (D:3)
  A ball python skeleton (D:6)
  5 frilled lizards
  6 rats
107 creatures vanquished.

Vanquished Creatures (collateral kills)
  A sky beast (D:5)
  An orc priest (D:7)
  An orc wizard (D:4)
  A white imp (D:5)
  An orc (D:7)
  A quokka (D:6)
  A quokka simulacrum (D:5)
7 creatures vanquished.

Vanquished Creatures (others)
  An ancestor (D:7)
1 creature vanquished.

Grand Total: 115 creatures vanquished

Notes
Turn   | Place    | Note
-------+----------+-------------------------------------------
     0 | D:1      | Lavandula the Halfling Enchanter began the quest for the
                  | Orb.
     0 | D:1      | Reached XP level 1. HP: 11/11 MP: 3/3
   190 | D:1      | Reached XP level 2. HP: 18/18 MP: 4/4
   195 | D:1      | Reached skill level 1 in Maces & Flails
   429 | D:2      | Noticed Natasha
   437 | D:2      | Killed Natasha
   437 | D:2      | Reached skill level 2 in Maces & Flails
   437 | D:2      | Reached XP level 3. HP: 2/22 MP: 5/5
   441 | D:2      | Learned a level 2 spell: Ensorcelled Hibernation
   763 | D:2      | Reached XP level 4. HP: 25/27 MP: 6/6
   874 | D:2      | Reached skill level 3 in Maces & Flails
  1340 | D:2      | Noticed Natasha
  1347 | D:2      | Killed Natasha
  1351 | D:2      | Noticed Natasha
  1445 | D:2      | Killed Natasha
  1445 | D:2      | Reached XP level 5. HP: 27/32 MP: 7/7
  1450 | D:2      | Learned a level 3 spell: Confuse
  1539 | D:2      | Reached skill level 4 in Maces & Flails
  1599 | D:4      | Noticed an ogre
  1744 | D:4      | Noticed an ogre
  1877 | D:4      | Killed an ogre
  1877 | D:4      | Reached XP level 6. HP: 35/37 MP: 0/8
  1903 | D:4      | Reached skill level 5 in Maces & Flails
  2069 | D:3      | Noticed Grinder
  2074 | D:3      | Paralysed by Grinder for 7 turns
  2092 | D:3      | Killed Grinder
  2092 | D:3      | Reached skill level 6 in Maces & Flails
  2092 | D:3      | Reached XP level 7. HP: 21/42 MP: 5/9
  2194 | D:5      | Entered Level 5 of the Dungeon
  2347 | D:4      | Found a staircase to the Ecumenical Temple.
  2636 | D:5      | Learned a level 3 spell: Dazzling Spray
  2650 | D:5      | Found a blossoming altar of Fedhas.
  2682 | Temple   | Entered the Ecumenical Temple
  2791 | Temple   | Became a worshipper of Hepliaklqana the Forgotten
  2882 | D:4      | Reached skill level 7 in Maces & Flails
  2898 | D:4      | Found a shattered altar of Ashenzari.
  2957 | D:4      | Reached XP level 8. HP: 42/42 MP: 10/10
  3064 | D:5      | Reached skill level 8 in Maces & Flails
  3079 | D:5      | Found a runed gate.
  3079 | D:5      | Found a runed gate.
  3079 | D:5      | Found a runed gate.
  3245 | D:5      | Noticed Stiffzip's ghost (novice SpAs)
  3411 | D:5      | Killed Stiffzip's ghost
  3411 | D:5      | Reached skill level 9 in Maces & Flails
  3411 | D:5      | Reached XP level 9. HP: 46/46 MP: 11/11
  3672 | D:6      | Reached * piety under Hepliaklqana
  3842 | D:6      | Found Wid Josto's Armour Boutique.
  3850 | D:6      | Bought a +2 robe of magic resistance for 212 gold pieces
  3983 | D:7      | Reached skill level 10 in Maces & Flails
  4256 | D:8      | Reached skill level 1 in Shields
  4364 | D:10     | Entered Level 10 of the Dungeon
  4458 | D:8      | Slain by a bullfrog

Vault maps used:
D:1:      nagdon_arrival_zigzag_paths
D:2:      kennysheep_vampire_church, serial_glass, glass_columns_b,
          glass_columns_b, uniq_natasha
D:3:      marbit_many_paths, first_ration, uniq_grinder
D:4:      old_standard_altar, nicolae_overflow_hidden_temple,
          minmay_temple_entry_statues_pillars
D:5:      basic_altar, gammafunk_ghost_icy, fountainhead,
          hangedman_abyss_or_decor_passed, minmay_fire_ice_demons, uniq_menkaure
D:6:      serial_shops, nicolae_shop_statue_plus
D:7:      lemuel_slime, serial_shops, nicolae_shop_statue_plus
D:9:      eat_drink_and_be_merry_uskayaw, basic_altar
D:10:     zombieorc1_lemuel, serial_corexii_hall, chequers_hall_statues_wall_a,
          corexii_hall_statues_u, corexii_hall_statues_s,
          corexii_hall_statues_x, nicolae_trove_entry_free_sample
Temple:   minmay_crystal_spiral_temple

Skill      XL: |  1  2  3  4  5  6  7  8  9 |
---------------+----------------------------+-----
Maces & Flails | 2 3 4 6 7 9 10 | 10.6
Shields        | 2 |  2.6
Fighting       | |  0.5
Short Blades   | |  1.5
Dodging        | |  2.1
Stealth        | |  3.2
Spellcasting   | |  1.5
Hexes          | |  2.4

Action                   |  1- 3 |  4- 6 |  7- 9 || total
-------------------------+-------+-------+-------++-------
Melee: Whip              |    53 |   119 |   173 ||   345
       Dagger            |     4 |     6 |     5 ||    15
 Cast: Ensorcelled Hiber |       |     7 |    10 ||    17
       Confuse           |       |     1 |       ||     1
       Dazzling Spray    |       |       |     2 ||     2
 Abil: Evoke Berserk Rag |       |       |     4 ||     4
  Use: Potion            |     2 |     1 |     1 ||     4
       Scroll            |       |       |     6 ||     6
 Stab: Sleeping          |     4 |     8 |     8 ||    20
       Confused          |       |     1 |       ||     1
       Invisible         |       |       |     2 ||     2
       Distracted        |       |       |     1 ||     1
  Eat: Chunk             |       |     4 |     9 ||    13
       Ration            |       |       |     1 ||     1
Armor: Robe              |    12 |    15 |    20 ||    47
       Skin              |     1 |       |       ||     1
Dodge: Dodged            |    47 |    69 |    98 ||   214

Table legend:
 A = Non-vault XP
 B = Vault XP
 C = Vault XP percentage of total XP
 D = Non-vault monster count
 E = Vault monster count
 F = Vault count percentage of total count
                 A         B        C        D         E       F
            +---------+---------+-------+---------+---------+-------
      Total |    2224 |     895 |  28.7 |     105 |       9 |   7.9
            +---------+---------+-------+---------+---------+-------
        D:1 |      18 |       0 |   0.0 |      12 |       0 |   0.0
        D:2 |     124 |      37 |  23.0 |      24 |       1 |   4.0
        D:3 |      20 |     286 |  93.5 |      10 |       1 |   9.1
        D:4 |     752 |       0 |   0.0 |      20 |       0 |   0.0
        D:5 |     142 |     572 |  80.1 |       5 |       7 |  58.3
        D:6 |     203 |       0 |   0.0 |      11 |       0 |   0.0
        D:7 |     733 |       0 |   0.0 |      18 |       0 |   0.0
        D:8 |     232 |       0 |   0.0 |       5 |       0 |   0.0
            +---------+---------+-------+---------+---------+-------
